 Dungeon Crawl Stone Soup version 0.31-a0-564-g3b7de120b3 (webtiles) character file.

Game seed: 14725583058244344127

3769 Newt the Reanimator (level 9, -6/65 HPs)
             Began as a Demonspawn Gladiator on Aug 17, 2023.
             Was a Believer of Sif Muna.
             Mangled by a spriggan
             ... wielding a +0 spear
              (15 damage)
             ... in a bailey.
             The game lasted 00:08:57 (6669 turns).

Newt the Reanimator (Demonspawn Gladiator)          Turns: 6669, Time: 00:08:58

Health: -6/65      AC:  7    Str: 15    XL:     9   Next: 94%
Magic:  9/20       EV: 17    Int: 14    God:    Sif Muna [**....]
Gold:   329        SH:  0    Dex: 14    Spells: 20/23 levels left

rFire   . . .        j - +4 quick blade (freeze)
rCold   . . .        (no shield)
rNeg    . . .        b - +0 leather armour
rPois   .            (helmet unavailable)
rElec   .            (no cloak)
rCorr   .            n - +1 pair of gloves
SInv    +            (no boots)
Will    .....        (no amulet)
Stlth   +            r - +5 ring of evasion
HPRegen 0.30/turn    (no ring)
MPRegen 0.17/turn

%: no passive effects
@: confusing by touch
A: antennae 3, hooves 1, demonic magic 1, demonic touch 2, iridescent scales 1
a: Renounce Religion, Channel Magic


You were in a bailey.
You worshipped Sif Muna.
Sif Muna was pleased with you.
You visited 1 branch of the dungeon, and saw 7 of its levels.
You also visited: Bailey.

You collected 329 gold pieces.

Inventory:

Hand Weapons
 a - a +0 rapier
 j - a +4 quick blade of freezing (weapon)
Missiles
 d - 2 throwing nets
 e - 5 javelins
 k - 5 poisoned darts
 q - 16 boomerangs
Armour
 b - a +0 leather armour (worn)
 c - a +0 helmet
 n - a +1 pair of gloves (worn)
Jewellery
 r - a +5 ring of evasion (left hand)
Wands
 i - a wand of paralysis (4)
 y - a wand of flame (23)
Scrolls
 f - a scroll of fear
 w - 2 scrolls of immolation
 x - a scroll of torment {unknown}
Potions
 g - 2 potions of brilliance
 h - a potion of haste
 l - 4 potions of curing
 m - 2 potions of invisibility
 o - a potion of degeneration
 p - 2 potions of mutation
 t - 2 potions of might


   Skills:
 - Level 4.0 Fighting
 - Level 4.7 Short Blades
 - Level 1.7 Throwing
 - Level 2.6 Dodging
 - Level 7.9 Spellcasting
 - Level 5.8 Hexes
 + Level 8.5 Necromancy


You had 20 spell levels left.
You knew the following spells:

 Your Spells              Type           Power      Damage    Failure   Level
a - Confusing Touch       Hex            21%        N/A       4%          3

Your spell library contained the following spells:

 Spells                   Type           Power      Damage    Failure   Level
 Sublimation of Blood     Necr           29%        N/A       1%          2
 Kiss of Death            Conj/Necr      68%        2d10      2%          1
 Dispel Undead            Necr           29%        3d13      4%          4
 Summon Guardian Golem    Hex/Summ       13%        N/A       14%         3
 Summon Small Mammal      Summ           20%        N/A       16%         1
 Call Canine Familiar     Summ           5%         N/A       43%         3
 Petrify                  Tmut/Erth      5%         N/A       85%         4
 Irradiate                Conj/Tmut      2%         3d12      99%         5


Dungeon Overview and Level Annotations

Branches:
Dungeon (7/15)             Temple (0/1) D:5          Bailey (1/1)

Altars:
Nemelex Xobeh
Sif Muna
Wu Jian

Shops:
D:6 (


Innate Abilities, Weirdness & Mutations

You have a pair of large antennae on your head. (SInv)
You have large cloven feet.
Spells you cast may paralyse adjacent enemies.
Your touch may inflict irresistible damage on your foes.
You are partially covered in iridescent scales. (AC +2)


Message History

a +0 trident; a spriggan corpse
Things that are here:
a +0 spear; a spriggan corpse The spriggan shoots an arrow.
The arrow hits you!
A spriggan is nearby!
A spriggan is nearby!
The spriggan shoots an arrow.
The arrow hits you!
The spriggan unwields a +0 heavy shortbow.
The spriggan wields a +0 spear.
The spriggan hits you with a +0 spear!
* * * LOW HITPOINT WARNING * * *
Casting: Confusing Touch (dangerous; 4% risk of failure)
Press: ? - help, Q - select action, (/) - cycle Dir - look around, f - activate Your hands begin to glow red.
Malevolent energies surge around you.
Unknown command.
You feel better. The spriggan completely misses you.
You don't have enough magic to cast this spell.
The spriggan misses you.
Unknown command.
Casting: Confusing Touch (dangerous; 4% risk of failure)
Press: ? - help, Q - select action, (/) - cycle Dir - look around, f - activate Your hands begin to glow brighter.
Malevolent energies surge around you. The spriggan closely misses you.
Unknown command.
Casting: Confusing Touch (dangerous; 4% risk of failure)
Press: ? - help, Q - select action, (/) - cycle Dir - look around, f - activate Your hands begin to glow brighter.
Malevolent energies surge around you. The spriggan hits you with a +0 spear.
* * * LOW HITPOINT WARNING * * *
Unknown command.
Casting: Confusing Touch (dangerous; 4% risk of failure)
Press: ? - help, Q - select action, (/) - cycle Dir - look around, f - activate Your hands begin to glow brighter.
Malevolent energies surge around you.
You feel less invigorated. The spriggan hits you with a +0 spear!
* * * LOW HITPOINT WARNING * * *
Unknown command.
Casting: Confusing Touch (dangerous; 4% risk of failure)
Press: ? - help, Q - select action, (/) - cycle Dir - look around, f - activate Your hands begin to glow brighter.
Malevolent energies surge around you. The spriggan hits you with a +0 spear!
You die...

#...#{. #..###
#...♣{♣ {
#..~~~ #..~#{♣
#..~~~ #..~~.♣
{#..~~~ #..)♣.♣
♣..~~~ #..)♣ ♣
#..~~~ #...#{
#♣..### ##.i##
#♣..## # ##)@##
{#♣..## #
##..#######..##
##)........##
##.......##
#########


You could see a spriggan.

Vanquished Creatures
  Pikel (D:6)
  3 spriggans (Bailey)
  6 yaks (D:7)
  Edmund (D:6)
  Duvessa (D:6)
  An orc warrior (D:7)
  A sky beast (D:7)
  4 ogres
  2 lemures (D:6)
  A bullfrog (D:7)
  3 scorpions
  Dowan (D:6)
  A howler monkey (D:5)
  5 hounds
  2 jellies
  4 orc priests
  8 iguanas
  Ijyb (D:2)
  Natasha (thrice) (D:2)
  4 orc wizards
  5 adders
  3 gnolls (D:3)
  A white imp (D:7)
  4 worms (D:2)
  19 orcs
  6 bats
  9 endoplasms
  2 giant cockroaches
  6 hobgoblins
  7 kobolds
  5 quokkas
  8 ball pythons
  2 frilled lizards (D:2)
  14 goblins
  8 rats
152 creatures vanquished.

Notes
Turn   | Place    | Note
-------+----------+-------------------------------------------
     0 | D:1      | Newt the Demonspawn Gladiator began the quest for the Orb.
     0 | D:1      | Reached XP level 1. HP: 16/16 MP: 1/1
    74 | D:1      | Gained mutation: Spells you cast may paralyse adjacent
                  | enemies. [demonic ancestry]
    74 | D:1      | Reached XP level 2. HP: 23/23 MP: 2/2
   754 | D:2      | Identified a scroll of acquirement
   754 | D:2      | Acquired a +1 quick blade of freezing
   785 | D:2      | Discovered your monstrous ancestry.
   785 | D:2      | Gained mutation: You have a pair of small antennae on your
                  | head. [demonic ancestry]
   785 | D:2      | Reached XP level 3. HP: 20/29 MP: 3/3
   978 | D:2      | Noticed Natasha
   995 | D:2      | Killed Natasha
  1180 | D:2      | Found an ornate altar of the Wu Jian Council.
  1181 | D:2      | Noticed Ijyb
  1201 | D:2      | Paralysed by Ijyb for 2 turns
  1202 | D:2      | Reached XP level 4. HP: 29/33 MP: 4/4
  1207 | D:2      | Paralysed by Ijyb for 4 turns
  1214 | D:2      | Killed Ijyb
  1217 | D:2      | Noticed Natasha
  1225 | D:2      | Killed Natasha
  1228 | D:2      | Noticed Natasha
  1235 | D:2      | Killed Natasha
  1236 | D:2      | Gained mutation: You have a pair of antennae on your head.
                  | [demonic ancestry]
  1236 | D:2      | Reached XP level 5. HP: 29/42 MP: 5/5
  1264 | D:2      | Identified the +5 trident "Meangos" {elec, Dex+3}
  1849 | D:3      | Learned a level 3 spell: Confusing Touch
  1977 | D:3      | Reached skill level 1 in Hexes
  1983 | D:3      | Reached skill level 1 in Spellcasting
  1983 | D:3      | Gained mutation: You have a pair of large antennae on your
                  | head. (SInv) [demonic ancestry]
  1983 | D:3      | Reached XP level 6. HP: 21/48 MP: 5/7
  2177 | D:3      | Found a faded altar of an unknown god.
  2683 | D:3      | Prayed at the altar of an unknown god.
  2683 | D:3      | Became a worshipper of Sif Muna the Loreminder
  2683 | D:3      | Reached * piety under Sif Muna
  3251 | D:4      | Found a sparkling altar of Nemelex Xobeh.
  3898 | D:4      | Gained mutation: Your touch may inflict minor irresistible
                  | damage on your foes. [demonic ancestry]
  3898 | D:4      | Reached XP level 7. HP: 52/54 MP: 11/11
  3979 | D:5      | Entered Level 5 of the Dungeon
  3984 | D:5      | Found a staircase to the Ecumenical Temple.
  5468 | D:6      | Noticed Edmund
  5475 | D:6      | Killed Edmund
  5476 | D:6      | Reached skill level 5 in Hexes
  5476 | D:6      | Gained mutation: You have large cloven feet. [demonic
                  | ancestry]
  5476 | D:6      | Reached XP level 8. HP: 60/60 MP: 10/15
  5568 | D:6      | Reached skill level 5 in Spellcasting
  5694 | D:6      | Noticed Duvessa
  5694 | D:6      | Noticed Dowan
  5701 | D:6      | Killed Duvessa
  5708 | D:6      | Killed Dowan
  5833 | D:6      | Found Laetz's Antique Weapon Boutique.
  5833 | D:6      | Noticed Pikel
  5849 | D:6      | Killed Pikel
  5853 | D:6      | Gained mutation: Your touch may inflict irresistible damage
                  | on your foes. [demonic ancestry]
  5853 | D:6      | Reached XP level 9. HP: 55/65 MP: 6/20
  6006 | D:6      | Reached ** piety under Sif Muna
  6170 | D:6      | Gained mutation: You are partially covered in iridescent
                  | scales. (AC +2) [potion of mutation]
  6332 | D:6      | Found an ornate altar of the Wu Jian Council.
  6399 | D:7      | Found a flagged portal.
  6405 | D:7      | Reached skill level 1 in Necromancy
  6410 | D:7      | Reached skill level 2 in Necromancy
  6411 | D:7      | Reached skill level 3 in Necromancy
  6416 | D:7      | Reached skill level 4 in Necromancy
  6426 | D:7      | Reached skill level 5 in Necromancy
  6427 | D:7      | Reached skill level 6 in Necromancy
  6431 | D:7      | Reached skill level 7 in Necromancy
  6587 | Bailey   | Entered a bailey
  6642 | Bailey   | Reached skill level 8 in Necromancy
  6669 | Bailey   | Mangled by a spriggan

Illustrated notes

Levels and vault maps discovered:
D:1:      amcnicky_arrival_gap_in_the_tavern_cellar, layout_basic
D:2:      kennysheep_the_goblin_king, layout_rooms, basic_altar, uniq_natasha
D:3:      layout_basic, shapermc_ecumenical_altar_notcrosses
D:4:      layout_basic, kennysheep_mini
D:5:      layout_gridville, minmay_temple_entry_statues_fountains,
          dreamdust_mushroom_princess
D:6:      layout_loops_ring, nicolae_wu_jian_immortal_techniques, serial_shops,
          nicolae_shop_gibbet_a_chance, uniq_duvessa, uniq_edmund, uniq_pikel
D:7:      layout_rooms, chequers_temple_overflow_minitemple, vehumet_crystals,
          enter_bailey_8, grunt_ministairs_3
Bailey:   bailey_polearm_enchanted_keep_hellmonk, bailey

Skill      XL: |  1  2  3  4  5  6  7  8  9 |
---------------+----------------------------+-----
Fighting       | 3 4 |  4.0
Short Blades   | 3 4 |  4.7
Hexes          | 1 3 5 |  5.8
Spellcasting   | 1 2 4 7 |  7.9
Necromancy     | 8 |  8.5
Throwing       | |  1.7
Dodging        | |  2.6

Action                     |  1- 3 |  4- 6 |  7- 9 || total
---------------------------+-------+-------+-------++-------
  Melee: Rapier            |    66 |       |       ||    66
         Quick blade       |    79 |   326 |   290 ||   695
         Punch             |     4 |     3 |     2 ||     9
         Touch             |       |       |    69 ||    69
         Kick              |       |       |    68 ||    68
  Throw: Throwing net      |     1 |     1 |     2 ||     4
   Cast: Confusing Touch   |       |     1 |    35 ||    36
 Invoke: Channel Magic     |       |       |     1 ||     1
    Use: Scroll            |     6 |     5 |     8 ||    19
         Potion            |     1 |     1 |     3 ||     5
   Stab: Held in net/web   |       |     2 |     2 ||     4
         Paralysed         |       |     6 |    74 ||    80
         Confused          |       |       |     2 ||     2
 Armour: Leather armour    |    32 |    46 |    21 ||    99
  Dodge: Dodged            |    65 |    96 |   110 ||   271

Table legend: (Time is in decaauts)
 A = Elapsed time spent in this place.
 B = Non-inter-level travel time spent in this place.
 C = Inter-level travel time spent in this place.
 D = Time resting spent in this place.
 E = Time spent auto-exploring this place.
 F = Levels seen in this place.
 G = Mean time per level.
                   A        B        C        D        E       F      G
               +--------+--------+--------+--------+--------+-----+--------+
         Total |   6668 |   6412 |    256 |   1329 |   3978 |   8 |  833.5 |
       Dungeon |   6584 |   6328 |    256 |   1325 |   3960 |   7 |  940.6 |
        Bailey |     84 |     84 |      0 |      4 |     18 |   1 |   84.0 |
               +--------+--------+--------+--------+--------+-----+--------+

Top non-repeatable levels by time:
     D:4: 1529 daAuts
     D:5: 1294 daAuts
     D:6: 987 daAuts
     D:3: 982 daAuts
     D:2: 850 daAuts
     D:1: 753 daAuts
     D:7: 186 daAuts
  Bailey: 84 daAuts
